 Dungeon Crawl Stone Soup version 0.23.1-44-gbd83930989 (webtiles) character file.

Game seed: 13511764937764007929

728 PentaManta the Covert (level 7, -2/46 HPs)
             Began as an Octopode Fighter on Mar 31, 2019.
             Was an Initiate of Dithmenos.
             Slain by Grinder (3 damage)
             ... on level 6 of the Dungeon.
             The game lasted 00:08:10 (4231 turns).

PentaManta the Covert (Octopode Fighter)            Turns: 4231, Time: 00:08:11

Health: -2/46      AC:  6    Str: 20    XL:     7   Next: 72%
Magic:  7/7        EV: 12    Int: 11    God:    Dithmenos [......]
Gold:   177        SH:  0    Dex: 13    Spells: 6/6 levels left

rFire    . . .     SeeInvis .   a - +1 long sword
rCold    . . .     Gourm    .   b - +0 shield
rNeg     . . .     Faith    .   (helmet restricted)
rPois    .         Spirit   .   (no amulet)
rElec    .         Reflect  .   e - +5 ring of protection
rCorr    .         Harm     .   v - ring of wizardry
MR       .....                  (no ring)
Stlth    +++.......             (no ring)
HPRegen  0.15/turn              (no ring)
MPRegen  0.10/turn              (no ring)
                                (no ring)
                                (no ring)

@: confused, mighty
A: almost no armour, stealthy swim, amphibious, 8 rings, constrict 8, camouflage
1, gelatinous body 1
a: Renounce Religion


You were on level 6 of the Dungeon.
You worshipped Dithmenos.
Dithmenos was noncommittal.
You were not hungry.

You visited 1 branch of the dungeon, and saw 6 of its levels.

You collected 177 gold pieces.

Inventory:

Hand Weapons
 a - a +1 long sword (weapon)
 o - a +0 blowgun
 p - a +2 dagger of venom
Missiles
 q - 2 curare-tipped needles
 r - 5 needles of sleeping
 A - a throwing net (quivered)
Armour
 b - a +0 shield (worn)
Jewellery
 e - a +5 ring of protection (left tentacle)
 v - a ring of wizardry (right tentacle)
Scrolls
 f - 5 scrolls of remove curse
 g - 3 scrolls of teleportation
 m - a scroll of amnesia
 s - a scroll of magic mapping
 w - 3 scrolls of fog
 z - a scroll of enchant weapon
Potions
 c - a potion of might
 h - a potion of lignification
 i - 2 potions of cancellation
 l - a potion of ambrosia
 n - a potion of flight
 t - 2 potions of heal wounds {unknown}
 u - a potion of berserk rage {unknown}
 x - 2 potions of magic {unknown}
 B - 2 potions of curing {unknown}
Comestibles
 d - 9 rations
 D - 3 chunks of flesh


   Skills:
 - Level 3.0 Fighting
 - Level 2.0 Long Blades
 - Level 3.0 Dodging
 + Level 11.4 Stealth
 - Level 3.0 Shields


You had 6 spell levels left.
You didn't know any spells.
Your spell library contained the following spells:

 Spells                   Type           Power        Failure   Level  Hunger
 Animate Skeleton         Necr           N/A          52%         1    ##.....
 Pain                     Necr           #...         52%         1    ##.....
 Regeneration             Chrm/Necr      #.........   86%         3    ####...
 Vampiric Draining        Necr           #.........   86%         3    ####...
 Animate Dead             Necr           N/A          99%         4    #####..


Dungeon Overview and Level Annotations

Branches:
Dungeon (6/15)             Temple (0/1) D:6

Altars:
Ashenzari
Dithmenos
Elyvilon
Ru
Sif Muna
Trog
Wu Jian
Xom
The Shining One

Annotations:
D:6 Grinder


Innate Abilities, Weirdness & Mutations

You cannot wear most types of armour.
You are very stealthy in the water. (Stealth+)
You are amphibious.
You can wear up to eight rings at the same time.
You can use your tentacles to constrict eight enemies at once.
Your skin changes colour to match your surroundings (Stealth+).
Your rubbery body absorbs attacks. (AC +1, EV +1)


Message History

The bullfrog hits your hound.
Your hound misses the bullfrog. The crimson imp barely misses you.
The bullfrog hits your hound!
Your hound dies!
Your hound's corpse dissolves into shadows!
The sky beast closely misses you. Grinder hits you.
* * * LOW HITPOINT WARNING * * *
You writhe in agony.
* * * LOW HITPOINT WARNING * * *
The bullfrog gives a loud, deep croak!
You barely miss Grinder. The crimson imp completely misses you.
The sky beast closely misses you. Grinder hits you.
You writhe in agony.
* * * LOW HITPOINT WARNING * * *
Grinder gestures at you. Pain shoots through your body!
* * * LOW HITPOINT WARNING * * *
The crimson imp hits you but does no damage.
Grinder hits you!
* * * LOW HITPOINT WARNING * * *
You writhe in agony.
You die...

*,**,,,,***,,************,,,,,,,,
*,,,,,,,,,,,**#.......# *,,,,,,,,
*,*,,,,,**,,,*#.......# *,,,,,,,,
*,*,,,,,,***,,........# *,,,,,,,,
*,**,,,*,,,,,*#.......##*,,,,,,,,
*,,,,,,,,,,*,*#.........,,,,,,,,,
*,,,,,,,..,*,*#.......#**,,,,,,,,
,,,,,,,....#.*#.......##**,,,,,,,
,,,,,,,....#.##.@.......,,,,,,,,*
,,,,,,,........5......##**,,,****
,,,,,,,......##5########.,,,,*
,,,,,,,.....%..Y#####...,,,,,*
*,,,,,,..........##.5.#*****,*
*,,,,,,..........#....# *,*
*,,,,,,.............##* *,*
*,**,,,.####.........### *,****
*,*,,,*,*###......[....# *,**,,


You could see Grinder, a sky beast and a crimson imp.

Vanquished Creatures
  A phantom (D:5)
  A howler monkey (D:4)
  2 centaur zombies
  2 hounds
  An orc wizard (D:5)
  Crazy Yiuf (D:3)
  A jelly (D:6)
  An iguana (D:4)
  Terence (D:3)
  4 worker ants
  5 gnolls
  9 adders
  A shadow imp (D:5)
  3 worms
  3 dart slugs
  5 leopard geckos
  9 orcs
  8 bats
  3 giant cockroaches
  8 goblins
  4 hobgoblins
  11 jackals
  4 kobolds
  A quokka (D:3)
  4 frilled lizards
  8 rats
101 creatures vanquished.

Vanquished Creatures (collateral kills)
  An orc (D:6)
1 creature vanquished.

Grand Total: 102 creatures vanquished

Notes
Turn   | Place    | Note
-------+----------+-------------------------------------------
     0 | D:1      | PentaManta the Octopode Fighter began the quest for the
                  | Orb.
     0 | D:1      | Reached XP level 1. HP: 16/16 MP: 1/1
    61 | D:1      | Reached skill level 1 in Stealth
    92 | D:1      | Reached skill level 2 in Stealth
    94 | D:1      | Reached XP level 2. HP: 21/21 MP: 2/2
   109 | D:1      | Reached skill level 3 in Stealth
   401 | D:1      | Reached XP level 3. HP: 26/26 MP: 3/3
   442 | D:2      | Reached skill level 4 in Stealth
   649 | D:2      | Found a deep blue altar of Sif Muna.
   704 | D:2      | Found a shimmering altar of Xom.
   706 | D:2      | Found a shimmering altar of Xom.
   708 | D:2      | Found a shimmering altar of Xom.
   760 | D:2      | Found a shimmering altar of Xom.
   764 | D:2      | Found a shimmering altar of Xom.
  1109 | D:3      | Reached skill level 5 in Stealth
  1122 | D:3      | Reached XP level 4. HP: 22/31 MP: 4/4
  1180 | D:3      | Noticed Terence
  1222 | D:3      | Killed Terence
  1318 | D:3      | Reached skill level 6 in Stealth
  1401 | D:3      | Reached XP level 5. HP: 32/36 MP: 5/5
  1431 | D:3      | Found an ornate altar of the Wu Jian Council.
  1904 | D:3      | Reached skill level 7 in Stealth
  1962 | D:3      | Found a runed translucent door.
  1963 | D:3      | Noticed Crazy Yiuf
  2121 | D:3      | Killed Crazy Yiuf
  2166 | D:4      | Found a shadowy altar of Dithmenos.
  2192 | D:4      | Reached skill level 8 in Stealth
  2208 | D:4      | Found a sacrificial altar of Ru.
  2237 | D:4      | Reached XP level 6. HP: 34/42 MP: 6/6
  2253 | D:4      | Found a bloodstained altar of Trog.
  2546 | D:4      | Found a white marble altar of Elyvilon.
  2589 | D:4      | Reached skill level 9 in Stealth
  2804 | D:4      | Became a worshipper of Dithmenos the Shadowed
  2894 | D:4      | Found a glowing golden altar of the Shining One.
  3134 | D:5      | Entered Level 5 of the Dungeon
  3217 | D:5      | Reached XP level 7. HP: 42/46 MP: 7/7
  3228 | D:5      | Reached skill level 10 in Stealth
  3705 | D:5      | Reached skill level 11 in Stealth
  3776 | D:5      | Found a shattered altar of Ashenzari.
  4213 | D:6      | Noticed Grinder
  4231 | D:6      | HP: 1/46 [Grinder (9)]
  4231 | D:6      | Slain by Grinder

Skill      XL: |  1  2  3  4  5  6  7 |
---------------+----------------------+-----
Stealth        | 2 3 5 6 8 9 11 | 11.4
Fighting       | |  3.0
Long Blades    | |  2.0
Dodging        | |  3.0
Shields        | |  3.0

Action                   |  1- 3 |  4- 6 |  7- 9 || total
-------------------------+-------+-------+-------++-------
Melee: Long sword        |    57 |   104 |    65 ||   226
       Constrict         |    17 |    31 |    11 ||    59
       Tentacles         |     7 |    25 |    16 ||    48
  Use: Scroll            |       |       |    13 ||    13
       Potion            |       |       |     2 ||     2
 Stab: Sleeping          |     8 |    13 |     5 ||    26
       Distracted        |       |     1 |       ||     1
  Eat: Chunk             |       |     7 |     4 ||    11
Armor: Skin              |    11 |    18 |    21 ||    50
Dodge: Dodged            |    24 |    38 |    37 ||    99
Block: Shield            |    16 |    34 |    37 ||    87
       Rpst.: Long sword |     7 |     9 |     6 ||    22
